 Dungeon Crawl Stone Soup version 0.19-a0-1401-g902f63d (webtiles) character file.

66812 4thArraOfDagon the Brawler (level 14, -2/133 HPs)
             Began as a Troll Ice Elementalist on Sept 4, 2016.
             Was a Priest of Elyvilon.
             Slain by a sixfirhy (10 damage)
             ... led by a cacodemon
             ... on level 3 of the Abyss.
             The game lasted 01:06:16 (10030 turns).

4thArraOfDagon the Brawler (TrIE)                  Turns: 10030, Time: 01:06:17

Health: -2/133     AC: 13    Str: 22    XL:     14   Next: 80%
Magic:  20/20      EV: 11    Int: 15    God:    Elyvilon [***...]
Gold:   1228       SH:  0    Dex: 14    Spells: 1 memorised, 20 levels left

rFire  . . .     SeeInvis .       - Unarmed
rCold  . . .     Gourm    +     n - +4 troll leather armour "Toomip" {MR+ Regen+ Slay+4}
rNeg   + . .     Faith    .     (no shield)
rPois  .         Spirit   .     (helmet restricted)
rElec  .         Dismiss  .     C - +0 cloak
rCorr  .         Reflect  .     (gloves unavailable)
MR     ++...     Harm     .     (boots unavailable)
Stlth  ++........               (no amulet)
                                p - +3 ring of strength
                                K - ring of positive energy

@: no status effects
A: unfitting armour, antennae 1, claws 3, rugged brown scales 1, thin skeletal
structure 1, agile 1, blurry vision 1, fast metabolism 3, gourmand, regeneration
2, robust 1, shaggy fur 1, tough skin 2, evolution 1
a: Lesser Healing, Heal Other, Purification, Divine Protection, Renounce
Religion


You were on level 3 of the Abyss.
You worshipped Elyvilon.
Elyvilon was most pleased with you.
You were not hungry.

You visited 4 branches of the dungeon, and saw 24 of its levels.
You visited the Abyss 1 time.
You also visited: Desolation.

You collected 1645 gold pieces.
You spent 417 gold pieces at shops.

Inventory:

Hand Weapons
 A - a +4 blowgun
Missiles
 G - 40 large rocks (quivered)
 H - a throwing net
Armour
 a - a +0 robe
 n - the +4 troll leather armour "Toomip" (worn) {MR+ Regen+ Slay+4}
   (You bought it in a shop on level 2 of the Orcish Mines)

   It affects your accuracy and damage with ranged weapons and melee attacks
   (+4).
   It affects your resistance to hostile enchantments.
   It increases your rate of regeneration.
 r - a +2 robe
 s - a +1 robe of resistance
 z - a +0 robe
 C - a +0 cloak (worn)
 D - a +2 robe of fire resistance
 Q - the cursed +0 robe of Filth {-Cast rElec Dex+4}
   (You found it on level 6 of the Lair of Beasts)

   It affects your dexterity (+4).
   It insulates you from electricity.
   It prevents spellcasting.
   It has a curse placed upon it.
 V - a cursed +0 robe
Magical Staves
 U - an uncursed staff of conjuration {unknown}
Jewellery
 i - a +6 ring of intelligence
 p - a +3 ring of strength (right claw)
 t - a +4 ring of strength
 K - a ring of positive energy (left claw)
 P - an uncursed amulet of guardian spirit
 X - an uncursed ring of positive energy
Wands
 h - a wand of acid (0/15)
 k - a wand of polymorph (0/24)
 x - a wand of acid (8/15)
 y - a wand of iceblast (0/15)
 B - a wand of iceblast (0/15)
 R - a wand of confusion (18/48)
 T - a wand of confusion (25/48)
Scrolls
 e - 3 scrolls of identify
 f - a scroll of noise
 g - 2 scrolls of blinking
 l - 2 scrolls of amnesia
 u - 2 scrolls of fear
 v - 3 scrolls of remove curse
 E - a scroll of immolation
 J - a scroll of acquirement
 O - a scroll of torment {unknown}
 W - a scroll of recharging
 Z - a scroll of enchant armour
Potions
 d - 2 potions of degeneration
 m - 2 potions of flight
 o - a potion of cancellation
 q - 2 potions of brilliance
 w - 2 potions of magic
 M - a potion of curing
Books
 b - a book of Frost

   Spells                             Type                      Level
   a - Freeze                         Ice                          1
   b - Throw Frost                    Conjuration/Ice              2
   c - Ozocubu's Armour               Charms/Ice                   3
   d - Throw Icicle                   Conjuration/Ice              4
   e - Summon Ice Beast               Ice/Summoning                4
Miscellaneous
 F - a fan of gales (inert)
 I - a phial of floods (inert)
Comestibles
 c - 5 bread rations
 S - a meat ration


   Skills:
 + Level 2.5 Fighting
 + Level 3.3 Dodging
 - Level 1.1 Stealth
 - Level 16.4 Unarmed Combat
 - Level 4.6 Spellcasting
   Level 0.6 Conjurations
 - Level 8.4 Transmutations
   Level 2.1 Ice Magic
 - Level 10.0 Earth Magic
 + Level 9.8 Invocations


You had 20 spell levels left.
You knew the following spells:

 Your Spells              Type           Power        Failure   Level  Hunger
b - Passwall              Tmut/Erth      ####......   1%          2    ##.....


Dungeon Overview and Level Annotations

Branches:
Dungeon (13/15)              Lair (6/6) D:10          Swamp (0/4) Lair:4
    Orc (2/2) D:11            Elf (3/3) Orc:2
 Temple: D:4-7        Snake: Lair:2-4    Spider: Lair:2-4     Slime: Lair:5-6
 Vaults: D:13-14

Altars:
Elyvilon
Kikubaaqudgha
Nemelex Xobeh
Qazlal
Ru
Beogh

Shops:
Orc:2 *[(=   Elf:1 ==}%   Elf:3 [

Annotations:
D:4 Pikel
D:13 Maurice
Orc:1 exclusion: oklob plant
Orc:2 Gruesome's ghost, journeyman DDFi


Innate Abilities, Weirdness & Mutations

You are too large for most types of armour.
You have claws for hands.
Your metabolism is lightning-fast.
You like to eat raw meat.
You heal very quickly.
You are covered in fur. (AC +1)
You have very tough skin. (AC +2)
You have a pair of small antennae on your head.
You are partially covered in rugged brown scales. (AC +1, +3% HP)
You have a somewhat thin skeletal structure. (Dex +2, Stealth)
You are agile. (Dex +2)
Scrolls take you a little longer to read.
You are robust. (+10% HP)
You evolve.


Message History

The small abomination barely misses you.
Unknown command.
You eviscerate the small abomination!!!
You destroy the small abomination!
The sixfirhy hits you!
* * * LOW HITPOINT WARNING * * *
The sixfirhy shocks you!
* * * LOW HITPOINT WARNING * * *
A sixfirhy comes into view.
Unknown command.
You scratch the sixfirhy. Your claw misses the sixfirhy.
The sixfirhy is lightly wounded.
The sixfirhy hits you.
* * * LOW HITPOINT WARNING * * *
The sixfirhy shocks you!
* * * LOW HITPOINT WARNING * * *
The sixfirhy closely misses you. The sixfirhy hits you.
* * * LOW HITPOINT WARNING * * *
The sixfirhy shocks you!
You die...

# . . .. # .
♣#.# . . ≈ ≈..
...#. .# . .
#.# . .## .# .
#... ...# ..#
.. ..# #
###.###.# .#
.#..##.
.#....#..##....
# ......
#.3#...#.. .#
.. #. .#{#@# .
X .. # ## .
..##{##.# # # .
## . #..##... .
# . .. x#.. #.#
..# . # .#. . .
.# ....... ...
. .
.#..#.##.#....
.. #.#.. ##.##.
...#.#. . ..
.3.# . . ....##
w . #..# . #.
...# .


You could see a sixfirhy.

Vanquished Creatures
  A tentacled starspawn (Abyss:3)
  2 stone giants (Orc:2)
  Snorg (Lair:6)
  4 ettins
  A merfolk avatar (Lair:6)
  A centaur warrior (D:12)
  A dancing weapon (Elf:2)
  A catoblepas (Lair:5)
  6 death yaks (Lair:6)
  A thrashing horror (Abyss:3)
  4 hell knights (Abyss:3)
  6 deep elf knights
  2 unseen horrors
  2 necromancers (Abyss:3)
  2 orc knights (Orc:1)
  3 orc sorcerers
  A harpy (Lair:6)
  A deep elf archer (Elf:2)
  A griffon (Lair:6)
  9 cyclopes
  12 deep elf magi
  An ugly thing (D:12)
  4 elephants (Lair:6)
  3 black mambas
  7 spiny frogs
  A centaur skeleton (D:10)
  8 komodo dragons
  2 kobold demonologists (D:11)
  A rime drake (Lair:3)
  5 trolls
  2 large abominations (Abyss:3)
  A wind drake (Lair:6)
  A saltling (Desolation)
  A dream sheep (Lair:6)
  9 blink frogs
  2 slime creatures
  A boulder beetle (Lair:6)
  A shadow (D:12)
  3 ynoxinuls (Abyss:3)
  A wraith (Abyss:3)
  A wyvern (D:11)
  35 yaks
  A fire elemental (Elf:1)
  3 hippogriffs
  3 hungry ghosts
  7 wargs
  A spiny frog skeleton (Abyss:3)
  4 water moccasins
  5 porcupines
  A black bear (D:8)
  2 wasps
  5 sky beasts
  10 orc warriors
  A slave (D:4)
  An ice beast (D:5)
  18 wolves
  3 eyes of draining
  9 ogres
  7 centaurs
  10 crocodiles
  Blork the orc (D:5)
  2 big kobolds
  6 giant frogs
  A small abomination (Abyss:3)
  A water moccasin zombie (D:9)
  5 scorpions
  10 killer bees
  6 wights
  3 electric eels (D:10)
  3 crimson imps
  2 giant frog zombies
  3 jellies
  3 hounds
  A giant frog skeleton (D:12)
  A gnoll shaman (Orc:1)
  9 orc priests
  18 orc wizards
  5 iguanas
  3 worker ants
  2 hound zombies (D:11)
  2 worker ant zombies
  3 gnolls (Orc:1)
  5 adders
  19 river rats
  A shadow imp (D:9)
  An adder zombie (D:3)
  An adder skeleton (D:6)
  3 worms
  2 giant geckos
  45 orcs
  A bat (D:3)
  2 giant cockroaches
  2 goblins (D:3)
  A hobgoblin (D:3)
  4 jackals (D:6)
  8 kobolds
  5 quokkas
  A giant gecko skeleton (D:5)
  A giant gecko zombie (D:5)
  4 giant newts
  A jackal zombie (D:5)
  4 rats
  2 starspawn tentacles (Abyss:3)
446 creatures vanquished.

Vanquished Creatures (collateral kills)
  A tentacled starspawn (Abyss:3)
  A starspawn tentacle (Abyss:3)
2 creatures vanquished.

Vanquished Creatures (others)
  A manticore (Lair:6)
  A harpy (Lair:6)
  A torpor snail (Lair:6)
  A spiny frog (Lair:6)
  2 rime drakes (Lair:6)
  A water moccasin (Lair:6)
  A yak (Lair:6)
  2 wasps (Lair:6)
  6 river rats (Lair:6)
  7 fungi
  18 plants (Lair:6)
  11 starspawn tentacles (Abyss:3)
52 creatures vanquished.

Grand Total: 500 creatures vanquished

Notes
Turn   | Place    | Note
-------+----------+-------------------------------------------
     0 | D:1      | 4thArraOfDagon the Troll Ice Elementalist began the quest for the Orb.
     0 | D:1      | Reached XP level 1. HP: 16/16 MP: 1/1
   114 | D:3      | Noticed an orc wizard
   127 | D:3      | Reached skill level 1 in Unarmed Combat
   128 | D:3      | Noticed an orc priest
   146 | D:3      | Killed an orc wizard
   146 | D:3      | Reached skill level 2 in Unarmed Combat
   146 | D:3      | Reached XP level 2. HP: 19/24 MP: 2/2
   146 | D:3      | Reached XP level 3. HP: 25/31 MP: 3/3
   149 | D:3      | Reached skill level 3 in Unarmed Combat
   189 | D:3      | Reached skill level 4 in Unarmed Combat
   189 | D:3      | Reached XP level 4. HP: 30/39 MP: 4/4
   208 | D:3      | Found a white marble altar of Elyvilon.
   215 | D:3      | Reached XP level 5. HP: 44/45 MP: 5/5
   226 | D:3      | Became a worshipper of Elyvilon the Healer
   240 | D:3      | Learned a level 2 spell: Passwall
   281 | D:3      | Noticed a centaur
   294 | D:3      | Killed a centaur
   294 | D:3      | Reached skill level 5 in Unarmed Combat
   391 | D:3      | Reached XP level 6. HP: 38/53 MP: 6/6
   396 | D:3      | Reached skill level 6 in Unarmed Combat
   433 | D:3      | Reached * piety under Elyvilon
   544 | D:4      | Found a stormy altar of Qazlal.
   748 | D:4      | Reached ** piety under Elyvilon
   766 | D:4      | Noticed Pikel
   766 | D:4      | Noticed a slave
   766 | D:4      | Noticed a slave
   766 | D:4      | Noticed a slave
   767 | D:4      | Noticed a slave
   782 | D:4      | Killed a slave
   798 | D:4      | Reached skill level 7 in Unarmed Combat
  1069 | D:5      | Entered Level 5 of the Dungeon
  1077 | D:5      | Reached XP level 7. HP: 54/59 MP: 7/7
  1165 | D:5      | Noticed Blork the orc
  1185 | D:5      | Killed Blork the orc
  1185 | D:5      | Reached skill level 8 in Unarmed Combat
  1438 | D:7      | Reached *** piety under Elyvilon
  1479 | D:7      | Reached skill level 9 in Unarmed Combat
  1485 | D:7      | Gained mutation: You have a pair of small antennae on your head. [mutagenic meat]
  1504 | D:7      | Reached XP level 8. HP: 43/67 MP: 8/8
  1706 | D:7      | Reached skill level 10 in Unarmed Combat
  1807 | D:8      | Gained mutation: Scrolls take you a little longer to read. [mutagenic meat]
  1810 | D:8      | Gained mutation: You evolve. [mutagenic meat]
  1813 | D:8      | Gained mutation: You have a somewhat thin skeletal structure. (Dex +2, Stealth) [mutagenic meat]
  1816 | D:8      | Gained mutation: You are robust. (+10% HP) [mutagenic meat]
  1891 | D:8      | Reached skill level 11 in Unarmed Combat
  2052 | D:8      | Noticed a troll
  2061 | D:8      | Killed a troll
  2061 | D:8      | Reached XP level 9. HP: 43/81 MP: 9/9
  2169 | D:8      | Reached skill level 12 in Unarmed Combat
  2169 | D:8      | Reached skill level 1 in Invocations
  2384 | D:9      | Reached **** piety under Elyvilon
  2393 | D:10     | Entered Level 10 of the Dungeon
  2417 | D:9      | Killed an unseen horror
  2417 | D:9      | Reached skill level 13 in Unarmed Combat
  2592 | D:9      | Reached XP level 10. HP: 80/89 MP: 11/11
  2689 | D:9      | Found a sacrificial altar of Ru.
  2689 | D:9      | Found an ancient bone altar of Kikubaaqudgha.
  3069 | D:10     | Gained mutation: You rapidly evolve. [mutagenic meat]
  3153 | D:10     | Found a staircase to the Lair.
  3207 | D:11     | Reached ***** piety under Elyvilon
  3266 | D:11     | Reached skill level 5 in Invocations
  3273 | D:11     | Reached skill level 14 in Unarmed Combat
  3332 | D:11     | Killed an unseen horror
  3477 | D:11     | Found a staircase to the Orcish Mines.
  3570 | D:11     | Gained mutation: You are agile. (Dex +2) [evolution]
  3570 | D:11     | Lost mutation: You rapidly evolve. [end of evolution]
  3646 | D:11     | Reached XP level 11. HP: 87/96 MP: 14/14
  3933 | D:12     | Noticed a deep elf mage
  3942 | D:11     | Killed a deep elf mage
  3952 | D:11     | Reached skill level 15 in Unarmed Combat
  4107 | D:12     | Noticed a white ugly thing
  4125 | D:12     | Killed a green ugly thing
  4168 | D:13     | Noticed Maurice
  4336 | D:12     | Noticed a centaur warrior
  4346 | D:12     | Killed a centaur warrior
  4357 | D:12     | Noticed a death knight
  4441 | Orc:1    | Entered Level 1 of the Orcish Mines
  4532 | Orc:1    | Noticed an oklob plant
  4573 | Orc:2    | Entered Level 2 of the Orcish Mines
  4573 | Orc:2    | Found a staircase to the Elven Halls.
  4646 | Orc:2    | Noticed a stone giant
  4723 | Orc:1    | Reached skill level 16 in Unarmed Combat
  4816 | Orc:2    | Killed a stone giant
  4957 | Orc:2    | Found Mymiv's Antique Weapon Emporium.
  4971 | Orc:2    | Found Pun Bops's Jewellery Emporium.
  4971 | Orc:2    | Noticed an ettin
  5003 | Orc:2    | Found a roughly hewn altar of Beogh.
  5014 | Orc:2    | Reached skill level 1 in Earth Magic
  5045 | Orc:1    | Reached skill level 1 in Transmutations
  5115 | Orc:2    | Killed an ettin
  5115 | Orc:2    | Reached XP level 12. HP: 105/105 MP: 16/16
  5334 | Orc:2    | Noticed Gruesome's ghost (journeyman DDFi)
  5356 | Orc:2    | WTF
  5370 | Orc:2    | 4thArraOfDagon: dd's can regenerate!
  5664 | Orc:1    | Ultraviolent4: yes
  5690 | Orc:2    | Noticed an ettin
  5695 | Orc:2    | Noticed an ettin
  5700 | Orc:2    | Killed an ettin
  5703 | Orc:2    | Noticed a stone giant
  5704 | Orc:2    | Killed an ettin
  5706 | Orc:2    | Ultraviolent4: double ettin all the way across the sky
  5709 | Orc:2    | 4thArraOfDagon: RIP!
  5709 | Orc:2    | Ultraviolent4: no
  5709 | Orc:2    | 4thArraOfDagon: no items!
  5709 | Orc:2    | 4thArraOfDagon: again!
  5709 | Orc:2    | Ultraviolent4: you can heal
  5709 | Orc:2    | 4thArraOfDagon: i cant outheal this
  5709 | Orc:2    | 4thArraOfDagon: look
  5710 | Orc:2    | Ultraviolent4: mm
  5711 | Orc:2    | Ultraviolent4: might and go
  5711 | Orc:2    | Ultraviolent4: oh
  5719 | Orc:2    | Killed a stone giant
  5744 | Orc:2    | Reached skill level 5 in Earth Magic
  5751 | Orc:2    | Ultraviolent4: heal OP
  5757 | Orc:2    | 4thArraOfDagon: miracle
  5757 | Orc:2    | 4thArraOfDagon: lol
  6188 | Orc:2    | Found Muiluma's General Store.
  6196 | Orc:2    | Bought a scroll of identify for 28 gold pieces
  6196 | Orc:2    | Bought a scroll of magic mapping for 49 gold pieces
  6211 | Orc:2    | Found Aqiub's Antique Armour Shoppe.
  6219 | Orc:2    | Bought a shimmering troll leather armour for 340 gold pieces
  6229 | Orc:2    | Identified the +4 troll leather armour "Toomip" {MR+ Regen+ Slay+4} (You bought it in a shop on level 2 of the Orcish Mines)
  6237 | Orc:2    | Ultraviolent4: sick
  6252 | Orc:1    | Noticed an ettin
  6254 | Orc:1    | Ultraviolent4: ez orc $$$
  6311 | Orc:1    | Killed an ettin
  6565 | Lair:1   | Entered Level 1 of the Lair of Beasts
  6603 | Lair:1   | Reached skill level 5 in Transmutations
  6771 | Lair:1   | Found a sparkling altar of Nemelex Xobeh.
  6868 | Lair:2   | Reached XP level 13. HP: 97/112 MP: 17/17
  7407 | Lair:6   | Entered Level 6 of the Lair of Beasts
  7408 | Lair:6   | Noticed Snorg
  7442 | Lair:6   | Ultraviolent4: snorg :/
  7449 | Lair:6   | HP: 4/168 [Snorg (9)]
  7454 | Lair:6   | HP: 8/168 [Snorg (14)]
  7455 | Lair:6   | Killed Snorg
  7465 | Lair:6   | Ultraviolent4: calculated, i guess
  7471 | Lair:6   | HP: 3/168 [spiny frog (9)]
  7475 | Lair:6   | HP: 1/112 [spiny frog (11)]
  7476 | Lair:6   | Gained mutation: You are partially covered in rugged brown scales. (AC +1, +3% HP) [potion of mutation]
  7495 | Lair:6   | 4thArraOfDagon: yea kind of
  7545 | Lair:6   | appiemonkey: that 1 hp and hydra run lol
  7669 | Lair:6   | 4thArraOfDagon: xom would love this
  8371 | Lair:6   | Identified a scroll of acquirement
  8389 | Lair:6   | Reached XP level 14. HP: 95/124 MP: 19/19
  8542 | Lair:6   | Got a faintly glowing robe
  8666 | Lair:4   | Found a staircase to the Swamp.
  8874 | D:11     | Gained mutation: You heal very quickly. [evolution]
  8901 | Elf:1    | Entered Level 1 of the Elven Halls
  8904 | Elf:1    | Ultraviolent4: lol
  8910 | Elf:1    | Ultraviolent4: you now have 1 million healing per turn
  8930 | Elf:1    | Found Peemed's Jewellery Emporium.
  8931 | Elf:1    | Found Roczoiso's Gadget Boutique.
  8932 | Elf:1    | Found Reoloido's Jewellery Emporium.
  9032 | Elf:1    | Ultraviolent4: healing mutation is doubled in strength now
  9180 | Elf:1    | Found Duituxt's Food Shoppe.
  9240 | Elf:1    | 4thArraOfDagon: can i pacify this place?
  9267 | Elf:1    | Found a ruined gateway.
  9288 | Elf:1    | murphy: hm..
  9303 | Elf:1    | murphy: probably not
  9303 | Elf:1    | Ultraviolent4: no idea
  9303 | Elf:1    | Ultraviolent4: probably
  9303 | Elf:1    | Ultraviolent4: actually
  9303 | Elf:1    | Yermak: there are humans that you can pacify and golems that you cannot
  9303 | Elf:1    | murphy: do u have a lot invo? humans are intelligent
  9306 | Elf:1    | murphy: hard to pacifiy
  9322 | Desolati | Entered the Desolation of Salt
  9341 | Desolati | 4thArraOfDagon: aha
  9374 | Elf:1    | Ultraviolent4: that place is super hard
  9499 | Elf:1    | Identified the cursed +0 robe of Filth {-Cast rElec Dex+4} (You found it on level 6 of the Lair of Beasts)
  9695 | Elf:3    | Entered Level 3 of the Elven Halls
  9703 | Elf:3    | Found Woicopt's Antique Armour Emporium.
  9712 | Elf:3    | Reached skill level 10 in Earth Magic
  9717 | Elf:3    | 4thArraOfDagon: uhh
  9722 | Elf:3    | Cast into level 3 of the Abyss (hand axe of distortion)
  9722 | Abyss:3  | Found a corrupted altar of Lugonu.
  9723 | Abyss:3  | Found an opulent altar of Gozag.
  9750 | Abyss:3  | Noticed a bone dragon
  9774 | Abyss:3  | Ultraviolent4: free rune
  9914 | Abyss:3  | Reached skill level 1 in Fighting
  9951 | Abyss:3  | Noticed a tentacled starspawn
  9984 | Abyss:3  | Noticed a tentacled starspawn
  9986 | Abyss:3  | Sapher: gg
  9986 | Abyss:3  | 4thArraOfDagon: that would be it
  9986 | Abyss:3  | Ultraviolent4: not free :(
  9996 | Abyss:3  | Killed a tentacled starspawn
 10012 | Abyss:3  | Killed a tentacled starspawn
 10030 | Abyss:3  | Slain by a sixfirhy

Vault maps used:
D:1:      erik_arrival_cave_to_civilisation, minmay_misc_feat_iff
D:2:      minmay_roachtagon, nicolae_overflow_hidden_temple,
          overflow_temple_1_default
D:3:      marbit_many_paths, minmay_misc_feat_more_columns, elyvilon_altar_5
D:4:      nicolae_qazlal_general_emergency, first_bread, uniq_pikel
D:5:      uniq_blork_the_orc, uniq_menkaure
D:6:      minitemple
D:7:      grunt_ogre_cave
D:9:      gammafunk_temple_overflow_elements
D:10:     lair_0_dummy, uniq_erica
D:11:     minmay_orc_entry_guard_dogs
D:12:     minmay_tearing_corner
D:13:     david_vaults_1, serial_column_ruins, column_ruins_hut,
          column_ruins_hut_pillars, column_ruins_columns_dead_end,
          column_ruins_grid_1, column_ruins_open_large, minmay_strange_pillars,
          uniq_josephine, uniq_maurice
Lair:1:   minivault_23, lemuel_centaur_altar
Lair:3:   nicolae_spider_entry_tight_spaces, grunt_megastairs_1
Lair:4:   swamp_mist_pool, serial_bayou_shore_b, serial_bayou_shore_a
Lair:5:   minmay_slime_entry_oklob_open
Lair:6:   gammafunk_lair_ancient_temple, uniq_snorg
Orc:1:    mines3_lemuel
Orc:2:    grunt_orc_gardens, grunt_orc_garden, grunt_orc_garden,
          grunt_orc_garden, grunt_orc_garden, basic_altar
Elf:1:    portal_desolation_entry_ruin, serial_shops, shop_statue,
          minmay_elf_crystal_heptagon, roderic_lattice_octagonal_star,
          minmay_shop_grove
Elf:2:    serial_shops, shop, uniq_saint_roka, uniq_louise
Elf:3:    minmay_elf_hall_golems, serial_shops, shop_statue, uniq_asterion
Abyss:3:  evilmike_abyss_exit_smiterflies

Skill      XL: |  1  2  3  4  5  6  7  8  9 10 11 12 13 14 |
---------------+-------------------------------------------+-----
Unarmed Combat | 2 4 5 7 9 11 13 14 16 | 16.4
Invocations    | 3 6 7 8 9 |  9.8
Earth Magic    | 2 6 9 10 | 10.0
Transmutations | 1 5 7 8 |  8.4
Spellcasting   | 3 4 |  4.6
Fighting       | 2 |  2.5
Dodging        | 3 |  3.3
Stealth        | |  1.1
Conjurations   | |  0.6
Ice Magic      | |  2.1

Action                   |  1- 3 |  4- 6 |  7- 9 | 10-12 | 13-15 || total
-------------------------+-------+-------+-------+-------+-------++-------
Melee: Unarmed           |    24 |   120 |   256 |   568 |   603 ||  1571
       Punch             |       |       |    10 |    40 |    50 ||   100
 Cast: Passwall          |       |       |       |       |     5 ||     5
Invok: Heal Other        |       |       |       |     5 |    48 ||    53
       Greater Healing   |       |       |       |     5 |     5 ||    10
       Lesser Healing    |       |       |       |     3 |    10 ||    13
Evoke: Wand              |       |       |     4 |    41 |       ||    45
       Fan of gales      |       |       |       |     1 |     1 ||     2
       Box of beasts     |       |       |       |       |     2 ||     2
       Phial of floods   |       |       |       |       |     1 ||     1
  Use: Scroll            |       |     5 |    14 |     5 |     9 ||    33
       Potion            |       |       |     1 |    11 |     5 ||    17
 Stab: Sleeping          |       |       |     1 |     8 |     4 ||    13
       Distracted        |       |       |       |     1 |     1 ||     2
  Eat: Chunk             |     3 |     3 |    30 |    52 |    50 ||   138
       Pizza             |       |     2 |     1 |       |       ||     3
       Bread ration      |       |       |       |     2 |       ||     2
Armor: Robe              |     9 |    21 |    55 |    92 |       ||   177
       Skin              |       |       |       |    48 |    48 ||    96
       Troll leather arm |       |       |       |    33 |   157 ||   190
Dodge: Dodged            |     9 |    57 |   130 |   202 |   156 ||   554
